 Dungeon Crawl Stone Soup version 0.27-a0-412-g8dd771eca2 (webtiles) character file.

Game seed: 11912006646650194592

3400 wampuh the Transmogrifier (level 9, 0/70 HPs)
             Began as a Purple Draconian Transmuter on Feb 24, 2021.
             Was a Follower of Sif Muna.
             Succumbed to a killer bee's poison
             ... on level 8 of the Dungeon.
             The game lasted 00:18:19 (12985 turns).

wampuh the Transmogrifier (DrTm)                   Turns: 12985, Time: 00:18:20

Health: 0/70       AC: 12    Str: 12    XL:     9   Next: 75%
Magic:  9/15       EV: 12    Int: 22    God:    Sif Muna [*.....]
Gold:   238        SH:  5    Dex: 13    Spells: 8/16 levels left

rFire    . . .     SeeInvis .     - Unarmed
rCold    . . .     Faith    .   (no shield)
rNeg     . . .     Spirit   .   (armour unavailable)
rPois    .         Reflect  +   (helmet restricted)
rElec    .         Harm     .   d - scarf {+Inv}
rCorr    .         Rampage  .   u - +0 pair of gloves
Will     +....                  (no boots)
Stlth    +.........             w - amulet of reflection
HPRegen  0.21/turn              r - +4 ring of protection
MPRegen  0.14/turn              v - +6 ring of intelligence

@: lethally poisoned (0 -> -8), wereblooded
A: breathe power, unfitting armour, cold-blooded, AC +7
a: Breathe Dispelling Energy, Renounce Religion, Evoke Invisibility, Channel
Magic


You were on level 8 of the Dungeon.
You worshipped Sif Muna.
Sif Muna was aware of your devotion.
You visited 1 branch of the dungeon, and saw 8 of its levels.

You collected 470 gold pieces.
You spent 232 gold pieces at shops.

Inventory:

Armour
 d - a scarf of invisibility (worn)
 u - a +0 pair of gloves (worn)
Jewellery
 r - a +4 ring of protection (left hand)
 v - a +6 ring of intelligence (right hand)
 w - an amulet of reflection (around neck)
Wands
 h - a wand of polymorph (6)
 l - a wand of iceblast (6)
 o - a wand of random effects (16)
 t - a wand of paralysis (6)
Scrolls
 a - a scroll of magic mapping {unknown}
 b - 2 scrolls of blinking
 c - 7 scrolls of identify {unknown}
 g - a scroll of teleportation {unknown}
 i - a scroll of fear {unknown}
 j - a scroll of random uselessness {unknown}
 k - 2 scrolls of immolation
 m - 2 scrolls of enchant weapon {unknown}
 p - 2 scrolls of enchant armour {unknown}
 s - 2 scrolls of vulnerability {unknown}
Potions
 n - a potion of might {unknown}
 q - a potion of ambrosia {unknown}


   Skills:
 + Level 3.6 Fighting
 - Level 1.7 Dodging
 + Level 6.4 Unarmed Combat
 - Level 4.0 Spellcasting
 - Level 10.0 Transmutations
 + Level 3.9 Invocations
 - Level 6.0 Evocations


You had 8 spell levels left.
You knew the following spells:

 Your Spells              Type           Power        Failure   Level
a - Beastly Appendage     Tmut           96%          1%          1
b - Wereblood             Tmut           48%          1%          2
c - Blade Hands           Tmut           24%          4%          5

Your spell library contained the following spells:

 Spells                   Type           Power        Failure   Level
 Spider Form              Tmut/Pois      13%          4%          3
 Ice Form                 Ice/Tmut       26%          14%         4


Dungeon Overview and Level Annotations

Branches:
Dungeon (8/15)             Temple (0/1) D:7
   Lair: D:8-11

Altars:
Gozag
Sif Muna

Shops:
D:6 [

Annotations:
D:5 1 runed translucent door, Snarg's ghost, novice DgWn


Innate Abilities, Weirdness & Mutations

You can breathe bolts of dispelling energy.
Your rich purple scales are hard. (AC +7)
You cannot fit into any form of body armour.
You are cold-blooded and may be slowed by cold attacks.


Message History

You feel sick. The killer bee stings you.
* * * LOW HITPOINT WARNING * * *
You are more poisoned.
The killer bee poisons you!
You feel sick. You block the killer bee's attack.
You howl as the wereblood boils in your veins!
You feel sick. The killer bee stings you.
* * * LOW HITPOINT WARNING * * *
The killer bee misses you.
You feel sick.
The killer bee's inner flame fades away.
The killer bee stings you but does no damage.
You feel sick.
The killer bee's inner flame fades away.
The killer bee stings you but does no damage.
You feel sick.
The killer bee's inner flame fades away.
You feel sick.
The killer bee stings you but does no damage.
The killer bee stings you.
* * * LOW HITPOINT WARNING * * *
You are lethally poisoned!
The killer bee poisons you!
* * * LOW HITPOINT WARNING * * *
You feel sick.
The killer bee's inner flame fades away.
The killer bee closely misses you. You block the killer bee's attack.
* * * LOW HITPOINT WARNING * * *
You feel sick. The killer bee closely misses you.
You howl as the wereblood boils in your veins!
* * * LOW HITPOINT WARNING * * *
You feel sick. The killer bee closely misses you.
The killer bee stings you but does no damage.
You block the killer bee's attack.
* * * LOW HITPOINT WARNING * * *
You feel sick. The killer bee misses you. You block the killer bee's attack.
The killer bee barely misses you.
There is a stone staircase leading up here.
You die...

#..# #................## #.##
#..............## #.#
#####.....##......# #.#
##....#...######.#... #.#
#........### #####.. #.#
##..........### ## ..#
#.............## ..#
#........y.....# ..#
##........y@...## .##
#.........yy...# .#
##......[...## ####### .##
###.......## ##.....# ..#
#..####### ##.....## ..##
#####.## ##......##
.).###y....###### ##........#
.......###..#...####.........#
...######........##..........##


You could see 4 killer bees.

Vanquished Creatures
  Erica (D:8)
  5 yaks (D:8)
  An orc warrior (D:6)
  2 ice beasts
  3 ogres
  4 bullfrogs
  A scorpion (D:7)
  A killer bee (D:8)
  4 wights (D:7)
  A centaur zombie (D:6)
  3 orc priests
  3 hounds
  2 jellies
  A gnoll shaman (D:5)
  3 iguanas
  6 orc wizards
  6 worker ants
  A worker ant zombie (D:5)
  5 gnolls
  A howler monkey skeleton (D:7)
  11 adders
  A white imp (D:5)
  An ufetubus (D:7)
  An ooze (D:3)
  An adder skeleton (D:4)
  3 worms (D:3)
  2 dart slugs
  8 leopard geckos
  28 orcs
  4 giant cockroaches
  5 goblins
  4 hobgoblins (D:3)
  16 jackals
  3 quokkas
  A ball python (D:1)
  11 bats
  A frilled lizard (D:1)
  9 kobolds
  7 rats
171 creatures vanquished.

Vanquished Creatures (others)
  5 plants (D:8)
5 creatures vanquished.

Grand Total: 176 creatures vanquished

Notes
Turn   | Place    | Note
-------+----------+-------------------------------------------
     0 | D:1      | wampuh the Draconian Transmuter began the quest for the
                  | Orb.
     0 | D:1      | Reached XP level 1. HP: 16/16 MP: 3/3
   562 | D:1      | Reached XP level 2. HP: 23/23 MP: 3/5
   776 | D:1      | You fall into a shaft and drop 1 floor!
  1484 | D:2      | Reached XP level 3. HP: 24/28 MP: 4/6
  1607 | D:2      | Reached skill level 3 in Transmutations
  2061 | D:2      | Learned a level 2 spell: Wereblood
  2185 | D:3      | Reached XP level 4. HP: 31/35 MP: 5/7
  2950 | D:3      | Noticed a bullfrog
  2962 | D:3      | Killed a bullfrog
  2963 | D:3      | Reached skill level 4 in Transmutations
  2963 | D:3      | Reached XP level 5. HP: 23/40 MP: 8/8
  4137 | D:3      | Reached skill level 5 in Unarmed Combat
  4870 | D:4      | Reached XP level 6. HP: 45/47 MP: 7/9
  5463 | D:4      | Reached skill level 5 in Transmutations
  5511 | D:4      | Learned a level 5 spell: Blade Hands
  5919 | D:4      | Noticed a two-headed ogre
  6012 | D:4      | Your scales start taking on a rich purple colour.
  6012 | D:4      | Reached XP level 7. HP: 42/52 MP: 9/11
  6745 | D:5      | Entered Level 5 of the Dungeon
  6763 | D:5      | Reached skill level 6 in Transmutations
  7902 | D:5      | Found a shimmering blue altar of Sif Muna.
  7905 | D:5      | Became a worshipper of Sif Muna the Loreminder
  8366 | D:5      | Found a runed translucent door.
  8367 | D:5      | Noticed Snarg's ghost (novice DgWn)
  8907 | D:6      | Reached skill level 7 in Transmutations
  9116 | D:6      | Found Kavicketir's Antique Armour Boutique.
  9550 | D:6      | Reached XP level 8. HP: 36/59 MP: 12/14
  9675 | D:6      | Bought an embroidered scarf for 232 gold pieces
  9939 | D:6      | Reached skill level 8 in Transmutations
  9939 | D:6      | Reached skill level 1 in Evocations
 10543 | D:6      | Reached * piety under Sif Muna
 11018 | D:7      | Reached skill level 9 in Transmutations
 11700 | D:7      | Found a staircase to the Ecumenical Temple.
 11916 | D:8      | Reached XP level 9. HP: 64/64 MP: 6/15
 11919 | D:8      | Reached skill level 10 in Transmutations
 11924 | D:8      | Reached skill level 5 in Evocations
 11924 | D:8      | Reached skill level 1 in Invocations
 12129 | D:8      | Found an opulent altar of Gozag.
 12862 | D:8      | Noticed Erica
 12872 | D:8      | Killed Erica
 12982 | D:8      | HP: 2/70 [poisoned by a killer bee]
 12985 | D:8      | Succumbed to a killer bee's poison

Illustrated notes

Levels and vault maps discovered:
D:1:      amcnicky_arrival_underground_garden, layout_basic,
          grunt_decor_arrowhead
D:2:      layout_rooms
D:3:      layout_loops_cross, kennysheep_generic_room_5
D:4:      minmay_evil_eye, layout_rooms, pdpol_wu_jian_five_deadly_venoms,
          nicolae_ossuary_entry_plus, hangedman_decor_lopped
D:5:      layout_cave_pods, ebering_ghost_reflecting_pool, lemuel_blue_sif_altar
D:6:      layout_basic, serial_shops, nicolae_shop_competitors_out_of_business
D:7:      layout_loops_cross, minmay_temple_entry_nine_rooms
D:8:      minmay_weird_star, layout_cave_pods, grunt_decor_resistance,
          lemuel_tele_altar, uniq_erica, uniq_joseph

Skill      XL: |  1  2  3  4  5  6  7  8  9 |
---------------+----------------------------+-----
Transmutations | 3 4 5 7 9 10 | 10.0
Unarmed Combat | 4 5 6 |  6.4
Spellcasting   | 3 4 |  4.0
Evocations     | 4 6 |  6.0
Invocations    | 3 |  3.9
Fighting       | 3 |  3.6
Dodging        | |  1.7

Action                   |  1- 3 |  4- 6 |  7- 9 || total
-------------------------+-------+-------+-------++-------
Melee: Unarmed           |   120 |   187 |   284 ||   591
       Kick              |    29 |    39 |    62 ||   130
       Headbutt          |    16 |    19 |    25 ||    60
       Tailslap          |     6 |    10 |    34 ||    50
       Punch             |     1 |     1 |    13 ||    15
Throw: Dart              |       |     4 |     3 ||     7
 Cast: Beastly Appendage |    31 |    30 |    48 ||   109
       Wereblood         |       |     6 |     9 ||    15
       Blade Hands       |       |       |     8 ||     8
 Abil: Breathe Dispellin |       |       |     6 ||     6
Evoke: Wand              |       |       |     3 ||     3
  Use: Potion            |       |     5 |     5 ||    10
       Scroll            |       |       |     2 ||     2
Armor: Skin              |    33 |    69 |   108 ||   210
Dodge: Dodged            |    94 |   150 |   194 ||   438
Block: Other             |       |       |    15 ||    15

Table legend: (Time is in decaauts)
 A = Elapsed time spent in this place.
 B = Non-inter-level travel time spent in this place.
 C = Inter-level travel time spent in this place.
 D = Time resting spent in this place.
 E = Time spent auto-exploring this place.
 F = Levels seen in this place.
 G = Mean time per level.
                   A        B        C        D        E       F      G
               +--------+--------+--------+--------+--------+-----+--------+
         Total |  12946 |  12678 |    268 |   5580 |   5342 |   8 | 1618.2 |
       Dungeon |  12946 |  12678 |    268 |   5580 |   5342 |   8 | 1618.2 |
               +--------+--------+--------+--------+--------+-----+--------+

Top non-repeatable levels by time:
     D:3: 3532 daAuts
     D:5: 2576 daAuts
     D:4: 1345 daAuts
     D:1: 1232 daAuts
     D:6: 1219 daAuts
     D:8: 1155 daAuts
     D:7: 1049 daAuts
     D:2: 835 daAuts
